 Dungeon Crawl Stone Soup version 0.25.0-9-g26727b657a (webtiles) character file.

Game seed: 8802760025063360241

560 protoss039 the Magician (level 7, 0/37 HPs)
             Began as a Deep Elf Earth Elementalist on June 20, 2020.
             Killed by nerve-wracking pain
             ... invoked by Grinder
              (4 damage)
             ... on level 6 of the Dungeon.
             The game lasted 00:09:28 (3356 turns).

protoss039 the Magician (DEEE)                      Turns: 3356, Time: 00:09:29

Health: 0/37       AC:  4    Str:  5    XL:     7   Next: 9%
Magic:  14/19      EV: 13    Int: 22    God:
Gold:   234        SH:  0    Dex: 15    Spells: 14/20 levels left

rFire    . . .     SeeInvis .   r - +2 quarterstaff (chaos)
rCold    . . .     Gourm    .   (shield currently unavailable)
rNeg     . . .     Faith    .   c - +0 robe
rPois    .         Spirit   .   o - +0 helmet
rElec    .         Reflect  .   s - +0 cloak
rCorr    .         Harm     .   (no gloves)
MR       .....                  (no boots)
Stlth    ++........             (no amulet)
HPRegen  0.12/turn              (no ring)
MPRegen  0.16/turn              (no ring)

@: very slightly contaminated, invisible
A: no striking features
a: no special abilities


You were on level 6 of the Dungeon.
You were very hungry.

You visited 1 branch of the dungeon, and saw 5 of its levels.

You collected 234 gold pieces.

Inventory:

Hand Weapons
 k - a +0 short sword
 r - a +2 quarterstaff of chaos (weapon)
Missiles
 b - 92 stones (quivered)
Armour
 c - a +0 robe (worn)
 o - a +0 helmet (worn)
 s - a +0 cloak (worn)
Jewellery
 g - a +6 ring of intelligence {unknown}
 j - an uncursed amulet of faith {unknown}
 v - an uncursed ring of wizardry {unknown}
Scrolls
 a - 6 scrolls of identify {unknown}
 e - 4 scrolls of teleportation {unknown}
 h - a scroll of magic mapping {unknown}
 l - a scroll of enchant armour {unknown}
 m - 3 scrolls of fog {unknown}
 t - 2 scrolls of remove curse {unknown}
Potions
 f - 4 potions of invisibility
 i - a potion of curing {unknown}
 n - a potion of haste {unknown}
 p - a potion of stabbing {unknown}
 q - 2 potions of mutation {unknown}
 u - a potion of resistance {unknown}
Comestibles
 d - 7 rations


   Skills:
 + Level 0.4 Fighting
 + Level 0.2 Staves
 + Level 2.6 Dodging
 + Level 3.0 Stealth
 + Level 7.0 Spellcasting
 + Level 0.2 Conjurations
 + Level 1.3 Transmutations
 + Level 6.7 Earth Magic


You had 14 spell levels left.
You knew the following spells:

 Your Spells              Type           Power        Failure   Level  Hunger
a - Sandblast             Erth           #####.       1%          1    None
b - Passwall              Tmut/Erth      ####....     2%          2    None
c - Stone Arrow           Conj/Erth      ###...       6%          3    None

Your spell library contained the following spells:

 Spells                   Type           Power        Failure   Level  Hunger
 Lee's Rapid Deconstruct  Erth           #####.....   14%         5    #####..
 Petrify                  Tmut/Erth      ####....     16%         4    ###....


Dungeon Overview and Level Annotations

Branches:
Dungeon (4/15)
 Temple: D:4-7

Altars:

Annotations:
D:6 3 runed translucent doors, Grinder; Skimidon's ghost, novice MiGl


Message History

Aim: Grinder (moderately wounded)
The blast of sand misses Grinder.
b - 93 stones Grinder barely misses you.
It was a potion of invisibility.
You fade into invisibility!
Grinder closely misses you.
You are very lightly contaminated with residual magic.
Unknown command.
Casting: Sandblast (safe; 1% risk of failure)
Confirm with . or Enter, or press ? or * to list all spells.
Aiming: Sandblast (safe; 1% risk of failure)
Press: ? - help, Shift-Dir - straight line, f/p - Grinder
Aim: Grinder (moderately wounded)
The blast of sand hits Grinder!
Grinder is severely wounded.
b - 92 stones Grinder gestures at you.
Pain shoots through your body!
You die...

#.##.# #.#.....
#.##.# .......
#.##.# ###....
#####.##.# ......
#.....##.#
###.#.#
###.####.# #.....
#........# #..#.#
########'#####+##
.. #...@.......
#...5.......
#...........
#...........
############


You could see Grinder.

Vanquished Creatures
  A hungry ghost (D:6)
  A bullfrog (D:6)
  A water moccasin zombie (D:6)
  2 orc wizards (D:6)
  A centaur skeleton (D:6)
  2 orc priests (D:6)
  Crazy Yiuf (D:3)
  A worker ant (D:4)
  5 adders
  An ooze (D:6)
  An adder skeleton (D:6)
  A worm (D:2)
  A dart slug (D:1)
  3 leopard geckos
  4 orcs
  3 bats
  4 giant cockroaches
  6 goblins
  6 hobgoblins
  6 jackals
  3 quokkas
  3 ball pythons
  2 frilled lizards
  2 kobolds
  10 rats
71 creatures vanquished.

Notes
Turn   | Place    | Note
-------+----------+-------------------------------------------
     0 | D:1      | protoss039 the Deep Elf Earth Elementalist began the quest
                  | for the Orb.
     0 | D:1      | Reached XP level 1. HP: 10/10 MP: 6/6
   509 | D:1      | Reached XP level 2. HP: 15/15 MP: 6/8
  1049 | D:2      | Reached XP level 3. HP: 19/19 MP: 7/10
  1572 | D:2      | Reached skill level 4 in Spellcasting
  1715 | D:2      | Learned a level 2 spell: Passwall
  1883 | D:3      | Reached XP level 4. HP: 24/24 MP: 9/12
  2374 | D:3      | Found a runed translucent door.
  2375 | D:3      | Noticed Crazy Yiuf
  2432 | D:3      | Learned a level 3 spell: Stone Arrow
  2435 | D:3      | Killed Crazy Yiuf
  2435 | D:3      | Reached skill level 5 in Earth Magic
  2491 | D:4      | Reached XP level 5. HP: 24/28 MP: 12/14
  2597 | D:4      | Reached skill level 5 in Spellcasting
  2740 | D:4      | You fall into a shaft and drop 2 floors!
  3005 | D:6      | Noticed a hungry ghost
  3012 | D:6      | Killed a hungry ghost
  3012 | D:6      | Reached skill level 6 in Spellcasting
  3012 | D:6      | Reached XP level 6. HP: 30/32 MP: 7/17
  3091 | D:6      | Noticed an orc warrior
  3222 | D:6      | Noticed Skimidon's ghost (novice MiGl)
  3225 | D:6      | Noticed a yak
  3226 | D:6      | Found a runed translucent gate.
  3226 | D:6      | Found a runed translucent gate.
  3226 | D:6      | Noticed an orc warrior
  3259 | D:6      | Found a runed translucent gate.
  3312 | D:6      | Reached XP level 7. HP: 29/37 MP: 15/19
  3342 | D:6      | Noticed Grinder
  3346 | D:6      | Reached skill level 7 in Spellcasting
  3346 | D:6      | Paralysed by Grinder for 7 turns
  3356 | D:6      | Killed from afar by Grinder

Illustrated notes

Levels and vault maps discovered:
D:1:      wander_arrival_peaceful_grave, layout_loops_ring
D:2:      layout_basic
D:3:      layout_rooms, minmay_misc_feat_room, uniq_crazy_yiuf_cottage
D:4:      layout_loops_ring, yredelemnul_altar_generic, first_ration,
          minmay_misc_feat_more_columns, minmay_door_square,
          kennysheep_cluttered_room
D:6:      layout_basic, gammafunk_ghost_split, uniq_grinder

Skill      XL: |  1  2  3  4  5  6  7 |
---------------+----------------------+-----
Earth Magic    | 4 5 6 |  6.7
Spellcasting   | 4 6 7 |  7.0
Stealth        | 3 |  3.0
Fighting       | |  0.4
Staves         | |  0.2
Dodging        | |  2.6
Conjurations   | |  0.2
Transmutations | |  1.3

Action                   |  1- 3 |  4- 6 |  7- 9 || total
-------------------------+-------+-------+-------++-------
Melee: Short sword       |     3 |     1 |       ||     4
       Quarterstaff      |       |     2 |       ||     2
 Cast: Sandblast         |    54 |    51 |     8 ||   113
       Stone Arrow       |       |     9 |       ||     9
       Passwall          |       |     4 |       ||     4
  Use: Potion            |       |       |     1 ||     1
  Eat: Chunk             |     3 |     4 |       ||     7
Armor: Robe              |     3 |       |     1 ||     4
Dodge: Dodged            |    10 |    15 |     2 ||    27
